 Dungeon Crawl Stone Soup version 0.18-a0-1195-g77a4f03 (console) character file.

5579 utis the Nimble (level 10, -1/58 HPs)
             Began as a Deep Elf Gladiator on Jan 29, 2016.
             Was a Priest of Vehumet.
             Killed by divine providence
             ... invoked by an orc priest
              (13 damage)
             ... on level 8 of the Dungeon.
             The game lasted 00:47:45 (17838 turns).

utis the Nimble (Deep Elf Gladiator)               Turns: 17838, Time: 00:47:47

Health: -1/58      AC: 10    Str: 12    XL:     10   Next: 44%
Magic:  17/19      EV: 13    Int: 17    God:    Vehumet [***...]
Gold:   386        SH:  0    Dex: 15    Spells: 3 memorised, 12 levels left

rFire  + . .     SeeInvis .     a - +2 dagger (venom) {=f}
rCold  . . .     Gourm    .     F - +0 scale mail
rNeg   . . .     Faith    .     (no shield)
rPois  .         Spirit   .     z - +2 helmet
rElec  .         Dismiss  .     (no cloak)
rCorr  .         Reflect  .     (no gloves)
SustAt .         Harm     .     (no boots)
MR     +....                    o - amulet of magic regeneration
Stlth  ..........               (no ring)
                                K - ring of protection from fire

@: slowed, heavily drained, very slow, somewhat resistant to hostile
enchantments, extremely unstealthy
A: no striking features
a: Renounce Religion


You were on level 8 of the Dungeon.
You worshipped Vehumet.
Vehumet was most pleased with you.
You were not hungry.

You visited 2 branches of the dungeon, and saw 9 of its levels.

You collected 386 gold pieces.

Inventory:

Hand Weapons
 a - a +2 dagger of venom (weapon) {=f}
 b - a +0 hunting sling
 c - a +0 blowgun
 k - a +0 quarterstaff
 m - a +0 spear
 r - a +3 dagger of chaos
 s - a +2 dagger of holy wrath
 x - a +1 short sword of draining
 y - a +2 vampiric spear
 B - a cursed -2 shortbow
 T - a +1 whip of electrocution
Missiles
 d - 3 throwing nets {=f}
 e - 238 stones
 A - 17 poisoned needles
 G - 4 steel sling bullets
 H - 9 sling bullets
 X - 6 curare-tipped needles {=f}
 Y - a tomahawk (quivered)
Armour
 h - a +0 chain mail
 u - a +0 leather armour
 z - a +2 helmet (worn)
 C - a +1 helmet
 F - a +0 scale mail (worn)
 L - a +0 ring mail
Jewellery
 o - an amulet of magic regeneration (around neck)
 K - a ring of protection from fire (left hand)
Wands
 E - a wand of polymorph (7/24)
Scrolls
 i - 3 scrolls of fear {!r}
 j - a scroll of remove curse
 q - 2 scrolls of enchant armour
 v - 2 scrolls of teleportation {!r}
 J - a scroll of enchant weapon
 S - a scroll of recharging {unknown}
 U - 2 scrolls of identify
Potions
 l - 2 potions of flight
 n - a potion of lignification
 w - a potion of cure mutation {!q}
 D - 2 potions of brilliance
 I - a potion of magic {unknown}
 M - 2 potions of heal wounds
 P - a potion of agility {unknown}
 Q - a potion of poison {unknown}
 R - a potion of might {unknown}
 V - a potion of ambrosia {unknown}
Comestibles
 f - 2 bread rations
 p - 8 meat rations
 t - 2 chunks of flesh
 N - 9 fruits
 W - 2 slices of pizza


   Skills:
 - Level 4.8(3.5) Fighting
 - Level 3.0(1.8) Short Blades
 - Level 6.2(4.9) Staves
 - Level 2.0(0.8) Throwing
 - Level 5.8(4.5) Armour
 - Level 9.6(8.2) Dodging
 - Level 5.2(3.9) Spellcasting
 + Level 2.8(1.6) Conjurations
 - Level 7.0(5.7) Ice Magic


You had 12 spell levels left.
You knew the following spells:

 Your Spells              Type           Power        Failure   Level  Hunger
a - Freeze                Ice            ###.         2%          1    None
d - Conjure Flame         Conj/Fire      #.......     67%         3    ###....
Z - Dazzling Spray        Conj/Hex       #.......     67%         3    ###....


Dungeon Overview and Level Annotations

Branches:
Dungeon (8/15)             Temple (1/1) D:5
   Lair: D:8-11

Altars:
Ashenzari
Cheibriados
Dithmenos
Elyvilon
Fedhas
Gozag
Kikubaaqudgha
Makhleb
Okawaru
Pakellas
Qazlal
Ru
Sif Muna
Trog
Vehumet
Xom
Yredelemnul
Zin
The Shining One

Shops:
D:8 *}


Message History

The curare-tipped needle hits you.
You are poisoned.
You have difficulty breathing.
* * * LOW HITPOINT WARNING * * *
You feel yourself slow down.
You feel sick.
The orc priest invokes the aid of Beogh against you.
Something smites you!
* * * LOW HITPOINT WARNING * * *
The gnoll sergeant hits you from afar with a spear.
* * * LOW HITPOINT WARNING * * *
Unknown command.
Drink which item? (? for menu, Esc to quit)
You feel better.
The gnoll shouts!
The gnoll sergeant hits you from afar with a spear.
* * * LOW HITPOINT WARNING * * *
The orc priest invokes the aid of Beogh against you.
Something smites you!
You die...

......▓▓▓...➘.▓......▓.▓
......▓ ▓▓K▓▓▓.......▓ .K....▓
▓Y.........▓▓
.➘....▓▓▓▓..▓▓▓..>.....
...........➘▓ ▓.....▓▓.
...➘.▓▓▓▓...▓▓▓▓▓▓▓▓▓▓▓..
............KK†...oK➘.o..
▓▓▓▓▓▓▓..▓▓▓▓▓▓▓▓og.g.g▓ ▓
▓▓..▓▓▓▓▓▓..e.▓▓▓..▓ ▓ ▓▓..▓▓
▓....▓▓▓▓▓▓K▓▓.▓ ▓
▓....▓▓▓.▓▓▓▓ ▓.. ▓.▓ ▓▓.
▓▓▓▓....▓▓..▓ ▓.▓▓.. ...
▓▓........[▓▓ ..▓.l▓▓.▓
...▓....▓▓▓▓ ▓▓.▓......▓
........▓ ▓▓..▓..)..▓
.▓▓▓....▓▓▓▓▓▓▓▓▓➘∩▓▓....▓▓▓▓▓
▓▓ ▓➘➘➘.➘[?➘➘➘.➘...▓▓.........


You could see a gnoll sergeant, an orc priest, an orc wizard, 2 gnolls, an orc
and a kobold.

Vanquished Creatures
  Pikel (D:5)
  Psyche (D:7)
  A human (D:8)
  A hungry ghost (D:7)
  4 hippogriffs (D:7)
  An orc warrior (D:6)
  2 phantoms
  3 slaves
  3 ogres
  2 centaurs
  3 big kobolds
  The ghost of Kidiri the Conjurer, an amateur DECj (D:3)
  6 giant frogs
  2 gnoll sergeants (D:7)
  A water moccasin zombie (D:5)
  4 scorpions
  4 jellies (D:6)
  9 killer bees
  5 crimson imps
  A centaur zombie (D:7)
  2 giant frog zombies
  6 hounds
  5 orc priests
  A gnoll shaman (D:5)
  6 orc wizards
  Ijyb (D:3)
  3 iguanas
  2 hell rats (D:7)
  6 worker ants
  4 sheep (D:8)
  A hound zombie (D:7)
  30 gnolls
  9 adders
  6 river rats (D:7)
  2 oozes
  2 adder skeletons
  2 worms
  3 giant geckos
  15 orcs
  12 bats
  5 giant cockroaches
  8 goblins
  13 hobgoblins
  10 jackals
  27 kobolds
  2 quokkas
  A ball python (D:2)
  3 giant newts
  A jackal skeleton (D:7)
  A quokka zombie (D:8)
  26 rats
270 creatures vanquished.

Vanquished Creatures (others)
  5 plants (D:8)
5 creatures vanquished.

Grand Total: 275 creatures vanquished

Notes
Turn   | Place    | Note
--------------------------------------------------------------
     0 | D:1      | utis the Deep Elf Gladiator began the quest for the Orb.
     0 | D:1      | Reached XP level 1. HP: 12/12 MP: 3/3
   317 | D:1      | Reached XP level 2. HP: 16/16 MP: 4/4
   961 | D:1      | Reached XP level 3. HP: 21/21 MP: 5/5
  1811 | D:2      | Found an opulent altar of Gozag.
  1833 | D:2      | Found a blossoming altar of Fedhas.
  2018 | D:2      | Found a faded altar to an unknown god.
  2082 | D:2      | Reached XP level 4. HP: 26/28 MP: 6/6
  2858 | D:3      | Noticed Kidiri's ghost (amateur DECj)
  3688 | D:3      | Reached XP level 5. HP: 30/33 MP: 7/7
  3801 | D:3      | Noticed Ijyb
  3889 | D:3      | Found a bloodstained altar of Trog.
  3965 | D:3      | Reached skill level 1 in Short Blades
  4011 | D:3      | Killed Ijyb
  4023 | D:3      | Found a glowing golden altar of the Shining One.
  4026 | D:3      | Killed Kidiri's ghost
  4262 | D:3      | Found a deep blue altar of Sif Muna.
  4293 | D:3      | Reached XP level 6. HP: 34/38 MP: 8/8
  4302 | D:3      | Reached skill level 4 in Dodging
  4438 | D:4      | Reached skill level 1 in Armour
  5386 | D:4      | Reached skill level 5 in Dodging
  5451 | D:4      | Reached XP level 7. HP: 25/42 MP: 9/9
  5753 | D:4      | Found an iron altar of Okawaru.
  6291 | D:5      | Entered Level 5 of the Dungeon
  6297 | D:5      | Found a bloodstained altar of Trog.
  6750 | D:5      | Reached skill level 5 in Staves
  6801 | D:5      | HP: 1/42 [centaur/enchanted shortbow (6)]
  7124 | D:5      | Reached skill level 6 in Staves
  7331 | D:5      | Found a staircase to the Ecumenical Temple.
  7354 | Temple   | Entered the Ecumenical Temple
  7444 | Temple   | Became a worshipper of Vehumet
  7858 | D:5      | Reached XP level 8. HP: 48/48 MP: 10/10
  8179 | D:6      | Noticed Pikel
  8882 | D:6      | Reached skill level 7 in Dodging
  9565 | D:6      | Reached skill level 8 in Dodging
 10102 | D:6      | Reached * piety under Vehumet
 10102 | D:6      | Offered knowledge of Freeze by Vehumet.
 10111 | D:6      | Learned a level 1 spell: Freeze
 10345 | D:6      | Reached XP level 9. HP: 52/52 MP: 11/11
 10356 | D:6      | Reached skill level 5 in Armour
 10472 | D:6      | Reached skill level 1 in Ice Magic
 10678 | D:5      | Killed Pikel
 10927 | D:6      | Reached skill level 5 in Ice Magic
 11091 | D:6      | Reached skill level 1 in Spellcasting
 11976 | D:7      | Offered knowledge of Sting by Vehumet.
 12009 | D:7      | Reached ** piety under Vehumet
 12187 | D:7      | Reached skill level 5 in Spellcasting
 12562 | D:7      | Offered knowledge of Dazzling Spray by Vehumet.
 12567 | D:7      | Learned a level 3 spell: Dazzling Spray
 12997 | D:7      | phew
 13661 | D:8      | Found a white marble altar of Elyvilon.
 13673 | D:8      | Noticed Psyche
 14207 | D:8      | Found Kabic's Assorted Antiques.
 14363 | D:7      | Reached XP level 10. HP: 39/56 MP: 19/19
 14496 | D:8      | Reached *** piety under Vehumet
 14572 | D:7      | Reached skill level 9 in Dodging
 15278 | D:8      | Found Roguv's Gadget Emporium.
 15401 | D:8      | Offered knowledge of Conjure Flame by Vehumet.
 15826 | D:7      | shit
 16116 | D:7      | Killed Psyche
 17444 | D:7      | Learned a level 3 spell: Conjure Flame
 17838 | D:8      | Killed from afar by an orc priest

Vault maps used:
D:1:      lemuel_arrival_hallway, minmay_quantized
D:2:      overflow_temple_1_default,
          nicolae_gozag_cash_rules_everything_around_me, first_bread,
          ecumenical_altar_1
D:3:      nicolae_overflow_hidden_temple, old_standard_altar, led_sif_book,
          kennysheep_nondescript, uniq_iyjb
D:4:      okawaru_altar_gauntlet_db
D:5:      basic_altar, enter_ossuary_1, minmay_misc_feat_square
D:6:      uniq_pikel
D:7:      lemuel_ratsnest
D:8:      elyvilon_altar_3, kennysheep_mini_moat, serial_shops,
          nicolae_shop_overgrown_old_shop, kennysheep_mini, nicolae_shop_trees,
          shop, nicolae_shop_behind_doors, grunt_livestock,
          minmay_misc_feat_diagonals, uniq_psyche
Temple:   circular_temple_12

Action                   |  1- 3 |  4- 6 |  7- 9 | 10-12 || total
-------------------------+-------+-------+-------+-------++-------
Melee: Quarterstaff      |    27 |    22 |   134 |    30 ||   213
       Short sword       |    72 |       |       |       ||    72
       Dagger            |     5 |   188 |   601 |   121 ||   915
       Unarmed           |       |     4 |       |       ||     4
 Fire: Hunting sling     |     4 |    18 |    58 |       ||    80
       Blowgun           |       |       |    17 |    13 ||    30
Throw: Stone             |    10 |    29 |    26 |     5 ||    70
       Tomahawk          |       |       |    26 |     3 ||    29
 Cast: Freeze            |       |       |     7 |    68 ||    75
  Use: Scroll            |       |     1 |    15 |     2 ||    18
       Potion            |       |       |     1 |     2 ||     3
 Stab: Sleeping          |     1 |       |       |       ||     1
  Eat: Chunk             |     3 |    11 |    26 |     7 ||    47
       Pizza             |       |       |     2 |       ||     2
       Beef jerky        |       |       |       |     2 ||     2
       Royal jelly       |       |       |       |     1 ||     1
       Fruit             |       |       |       |     1 ||     1
